 Dungeon Crawl Stone Soup version 0.24.0-123-gd5b16e6ec5 (console) character file.

Game seed: 2624275064263742460, levelgen mode: deterministic

26 Ignak the Magician (level 3, -2/25 HPs)
             Began as a Gnoll Wizard on Dec 19, 2019.
             Killed from afar by Natasha (10 damage)
             ... with a magic dart
             ... on level 2 of the Dungeon.
             The game lasted 00:03:43 (1192 turns).

Ignak the Magician (Gnoll Wizard)                   Turns: 1192, Time: 00:03:43

Health: -2/25      AC:  2    Str:  9    XL:     3   Next: 8%
Magic:  1/11       EV: 14    Int: 21    God:
Gold:   56         SH:  0    Dex: 13    Spells: 11/16 levels left

rFire    . . .     SeeInvis .   c - +0 club
rCold    . . .     Gourm    .   (no shield)
rNeg     . . .     Faith    .   a - +0 robe
rPois    .         Spirit   .   b - +0 hat
rElec    .         Reflect  .   (no cloak)
rCorr    .         Harm     .   (no gloves)
MR       .....                  (no boots)
Stlth    +++.......             (no amulet)
HPRegen  0.08/turn              (no ring)
MPRegen  0.12/turn              (no ring)

@: no status effects
A: distributed training, fangs 1, strong nose
a: no special abilities


You were on level 2 of the Dungeon.
You were not hungry.

You visited 1 branch of the dungeon, and saw 2 of its levels.

You collected 56 gold pieces.

Inventory:

Hand Weapons
 c - a +0 club (weapon)
Missiles
 f - 31 poisoned darts (quivered)
Armour
 a - a +0 robe (worn)
 b - a +0 hat (worn)
Magical Staves
 q - an uncursed staff of air {unknown}
Jewellery
 l - a cursed -3 ring of dexterity {unknown}
Scrolls
 e - a scroll of teleportation {unknown}
 g - a scroll of immolation {unknown}
 m - a scroll of identify {unknown}
 o - a scroll of remove curse {unknown}
 p - 3 scrolls of fog {unknown}
Potions
 h - a potion of heal wounds {unknown}
 i - a potion of might {unknown}
 j - a potion of curing {unknown}
 k - 2 potions of brilliance {unknown}
 n - a potion of haste {unknown}
Comestibles
 d - 3 rations


   Skills:
 + Level 0.6 Fighting
 + Level 0.6 Short Blades
 + Level 0.6 Long Blades
 + Level 0.6 Axes
 + Level 0.6 Maces & Flails
 + Level 0.6 Polearms
 + Level 0.6 Staves
 + Level 0.6 Slings
 + Level 0.6 Bows
 + Level 0.6 Crossbows
 + Level 0.6 Throwing
 + Level 0.6 Armour
 + Level 4.5 Dodging
 + Level 4.1 Stealth
 + Level 0.6 Shields
 + Level 0.6 Unarmed Combat
 + Level 7.1 Spellcasting
 + Level 2.1 Conjurations
 + Level 0.4 Hexes
 + Level 0.4 Charms
 + Level 2.1 Summonings
 + Level 0.4 Necromancy
 + Level 2.1 Translocations
 + Level 0.4 Transmutations
 + Level 0.4 Fire Magic
 + Level 0.4 Ice Magic
 + Level 0.4 Air Magic
 + Level 0.4 Earth Magic
 + Level 0.4 Poison Magic
 + Level 0.8 Invocations
 + Level 0.6 Evocations


You had 11 spell levels left.
You knew the following spells:

 Your Spells              Type           Power        Failure   Level  Hunger
a - Magic Dart            Conj           ###.         3%          1    None
b - Blink                 Tloc           N/A          5%          2    None
e - Call Imp              Summ           ###.....     5%          2    None

Your spell library contained the following spells:

 Spells                   Type           Power        Failure   Level  Hunger
 Slow                     Hex            #.......     11%         2    None
 Conjure Flame            Conj/Fire      ##......     16%         3    None
 Mephitic Cloud           Conj/Pois/Air  ##......     17%         3    None


Dungeon Overview and Level Annotations

Branches:
Dungeon (2/15)

Altars:

Annotations:
D:2 Natasha


Innate Abilities, Weirdness & Mutations

Your experience applies equally to all skills.
You have very sharp teeth.
Your uncanny sense of smell can sniff out nearby items.


Message History

Confirm with . or Enter, or press ? or * to list all spells.
Aiming: Magic Dart (safe; 3% risk of failure)
Press: ? - help, Shift-Dir - straight line, f - Natasha
Aim: Natasha (lightly wounded)
The magic dart hits Natasha.
Natasha is heavily wounded.
The white imp shouts, "Face thy fugue, thou pribbling knotty-pated zombie-fodder!"
Your crimson imp blinks!
Natasha barely misses you. The white imp hits you. The white imp freezes you.
Your crimson imp hits the white imp.
The adder bites your crimson imp. The white imp gestures at you.
The puff of frost misses you.
Your crimson imp closely misses the white imp.
The adder closely misses your crimson imp.
Natasha claws you.
The adder bites your crimson imp but does no damage.
Your crimson imp blinks!
Natasha casts a spell at you. The magic dart hits you!
You die...

#.# ###.#
#############...#
#...†...)...#.###
#.#########.#.# #.#
#.#.# #.# #.#.# #.#
######.#.# #.#
#......#@# #.#
#(####.#h#### # #.#
#.# ##..5...#
##.#%####.###.5÷....#
.....5..((....§###..#
##.)#####.###S## ..#
#.. #.# #.# ..# #..
#.# #.# .# #.. ..#
#.# .#


You could see Natasha, an adder and 2 white imps.

Vanquished Creatures
  2 giant cockroaches
  2 goblins (D:2)
  2 hobgoblins (D:1)
  8 bats
  A frilled lizard (D:1)
  5 kobolds
  3 rats
23 creatures vanquished.

Vanquished Creatures (collateral kills)
  A quokka (D:2)
  A frilled lizard (D:2)
  A kobold (D:2)
3 creatures vanquished.

Grand Total: 26 creatures vanquished

Notes
Turn   | Place    | Note
-------+----------+-------------------------------------------
     0 | D:1      | Ignak the Gnoll Wizard began the quest for the Orb.
     0 | D:1      | Reached XP level 1. HP: 13/13 MP: 8/8
   300 | D:1      | Reached XP level 2. HP: 19/19 MP: 8/10
   378 | D:1      | Learned a level 2 spell: Blink
   381 | D:1      | Learned a level 2 spell: Call Imp
  1140 | D:2      | Reached XP level 3. HP: 25/25 MP: 6/11
  1156 | D:2      | Noticed Natasha
  1192 | D:2      | Killed from afar by Natasha

Levels and vault maps discovered:
D:1:      lemuel_arrival_room, layout_basic
D:2:      layout_loops_ring, first_ration, uniq_natasha,
          uniq_crazy_yiuf_cottage, uniq_terence

Skill      XL: |  1 |
---------------+----+-----
Conjurations   | 2 |  2.1
Summonings     | 2 |  2.1
Translocations | 2 |  2.1
Fighting       | |  0.6
Short Blades   | |  0.6
Long Blades    | |  0.6
Axes           | |  0.6
Maces & Flails | |  0.6
Polearms       | |  0.6
Staves         | |  0.6
Slings         | |  0.6
Bows           | |  0.6
Crossbows      | |  0.6
Throwing       | |  0.6
Armour         | |  0.6
Dodging        | |  4.5
Stealth        | |  4.1
Shields        | |  0.6
Unarmed Combat | |  0.6
Spellcasting   | |  7.1
Hexes          | |  0.4
Charms         | |  0.4
Necromancy     | |  0.4
Transmutations | |  0.4
Fire Magic     | |  0.4
Ice Magic      | |  0.4
Air Magic      | |  0.4
Earth Magic    | |  0.4
Poison Magic   | |  0.4
Invocations    | |  0.8
Evocations     | |  0.6

Action                   || total
-------------------------++-------
Melee: Club              ||    20
 Cast: Magic Dart        ||    38
       Call Imp          ||     7
  Eat: Chunk             ||     1
Armor: Robe              ||     9
Dodge: Dodged            ||    37
